 Dungeon Crawl Stone Soup version 0.31.0-11-ge490571c62 (webtiles) character file.

Game seed: 8287069114731479533

74 Aviak the Firebug (level 4, -3/30 HPs)
             Began as a Demonspawn Fire Elementalist on Jan 26, 2024.
             Succumbed to Crazy Yiuf's poison
             ... on level 2 of the Dungeon.
             The game lasted 00:03:39 (1656 turns).

Aviak the Firebug (Demonspawn Fire Elementalist)    Turns: 1656, Time: 00:03:39

Health: -3/30      AC:  3    Str:  8    XL:     4   Next: 10%
Magic:  4/8        EV: 12    Int: 18    God:
Gold:   62         SH:  0    Dex: 13    Spells: 5/8 levels left

rFire   . . .        h - +2 hand axe (venom)
rCold   . . .        (no shield)
rNeg    . . .        a - +0 robe
rPois   .            (no helmet)
rElec   .            k - +0 cloak
rCorr   .            (no gloves)
SInv    .            (no boots)
Will    .....        (no amulet)
Stlth   ++           (no ring)
HPRegen 0.25/turn    (no ring)
MPRegen 0.11/turn

%: no passive effects
@: lethally poisoned (-3 -> -17)
A: powered by death 1, condensation shield, demonic touch 1
a: no special abilities


You were on level 2 of the Dungeon.
You visited 1 branch of the dungeon, and saw 2 of its levels.

You collected 62 gold pieces.

Inventory:

Hand Weapons
 e - a +0 dagger
 h - a +2 hand axe of venom (weapon)
Armour
 a - a +0 robe (worn)
 k - a +0 cloak (worn)
Scrolls
 c - a scroll of blinking {unknown}
 f - a scroll of amnesia {unknown}
 g - a scroll of noise {unknown}
 i - 2 scrolls of enchant weapon {unknown}
 j - 2 scrolls of silence {unknown}
 l - a scroll of identify {unknown}
 m - a scroll of immolation {unknown}
Potions
 b - a potion of magic


   Skills:
 + Level 2.7 Dodging
 - Level 1.7 Stealth
 + Level 2.8 Spellcasting
 - Level 1.0 Conjurations
 + Level 3.4 Fire Magic


You had 5 spell levels left.
You knew the following spells:

 Your Spells              Type           Power      Damage    Failure   Level
a - Foxfire               Conj/Fire      40%        2x1d6     7%          1
b - Scorch                Fire           28%        2d6       6%          2

Your spell library contained the following spells:

 Spells                   Type           Power      Damage    Failure   Level
 Sting                    Conj/Alch      16%        1d4       14%         1
 Mercury Vapours          Alch/Air       4%         N/A       26%         2
 Inner Flame              Hex/Fire       8%         N/A       26%         3
 Volatile Blastmotes      Fire/Tloc      16%        2d11      26%         3
 Dazzling Flash           Conj/Hex       8%         N/A       38%         3
 Mephitic Cloud           Conj/Alch/Air  3%         N/A       41%         3
 Flame Wave               Conj/Fire      10%        2d6       54%         4
 Olgreb's Toxic Radiance  Alch           2%         N/A       86%         4
 Curse of Agony           Necr           2%         N/A       99%         5
 Silence                  Hex/Air        1%         N/A       99%         5


Dungeon Overview and Level Annotations

Branches:
Dungeon (2/15)

Altars:

Annotations:
D:2 Crazy Yiuf


Innate Abilities, Weirdness & Mutations

You regenerate a little health from kills.
A meltable shield of frost defends you. (SH +0)
Your touch may inflict minor irresistible damage on your foes.


Message History

You barely miss the ribbon worm.
The ribbon worm is moderately wounded.
The ribbon worm bites you.
You hit the ribbon worm.
The ribbon worm is poisoned.
The ribbon worm is heavily wounded.
The ribbon worm closely misses you.
You hit the ribbon worm.
The ribbon worm looks as sick as possible!
You touch the ribbon worm.
You kill the ribbon worm!
You see here a ribbon worm corpse.
You pick up a book of the Senses and begin reading...
You add the spells Dazzling Flash, Mephitic Cloud, Curse of Agony and Silence to your library.
Found two hammers.
No target in view!
You see here a +0 hammer.
Found a hammer.
Found a runed translucent door.
Okay, then.
You open the door.
Casting: Foxfire (safe; 7% risk of failure)
Confirm with . or Enter, or press ? or * to list all spells.
You miscast Scorch.
You are very lightly contaminated with residual magic.
Nothing appears to happen.
Crazy Yiuf yells, "Line verde tea!"
Crazy Yiuf hits you with a +3 quarterstaff of chaos!
Ouch! That really hurt!
Your condensation shield dissipates!
Crazy Yiuf burns you.
Casting: Scorch (safe; 6% risk of failure)
Confirm with . or Enter, or press ? or * to list all spells.
Flames lash Crazy Yiuf.
Crazy Yiuf is moderately wounded.
Crazy Yiuf's fire resistance burns away.
Crazy Yiuf hits you with a +3 quarterstaff of chaos!
* * * LOW HITPOINT WARNING * * *
You are lethally poisoned!
It was a potion of cancellation.
You feel magically purged.
Your magical contamination has completely faded away.
You die...

#....####...........
##..## #......†....
♣..).♣ #...........
♣.)P♣♣ #..........#
♣♣.♣♣ #..........#
♣.♣♣ ############
♣♣.♣ ♣.♣♣ ♣♣@♣ #g#
... #...# #..)#
#####


You could see Crazy Yiuf (combustible).

Vanquished Creatures
  A gnoll (D:1)
  An adder (D:2)
  3 dart slugs
  3 ribbon worms (D:2)
  6 ball pythons
  2 bats (D:2)
  2 endoplasms
  A giant cockroach (D:2)
  5 goblins
  2 hobgoblins
  4 jackals (D:2)
  2 quokkas
  2 frilled lizards (D:1)
  4 kobolds
  5 rats
43 creatures vanquished.

Vanquished Creatures (others)
  66 foxfires
66 creatures vanquished.

Grand Total: 109 creatures vanquished

Notes
Turn   | Place    | Note
-------+----------+-------------------------------------------
     0 | D:1      | Aviak the Demonspawn Fire Elementalist began the quest for
                  | the Orb.
     0 | D:1      | Reached XP level 1. HP: 13/13 MP: 3/3
   299 | D:1      | Gained mutation: Your touch may inflict minor irresistible
                  | damage on your foes. [demonic ancestry]
   299 | D:1      | Reached XP level 2. HP: 19/19 MP: 0/5
   306 | D:1      | Reached skill level 3 in Fire Magic
   355 | D:1      | Learned a level 2 spell: Scorch
   642 | D:1      | Gained mutation: A meltable shield of frost defends you.
                  | (SH +0) [demonic ancestry]
   642 | D:1      | Reached XP level 3. HP: 21/24 MP: 4/6
  1238 | D:2      | Found a faded altar of an unknown god.
  1502 | D:2      | Gained mutation: You regenerate a little health from kills.
                  | [demonic ancestry]
  1502 | D:2      | Reached XP level 4. HP: 30/30 MP: 3/8
  1649 | D:2      | Found a runed translucent door.
  1650 | D:2      | Noticed Crazy Yiuf
  1655 | D:2      | HP: 1/30 [Crazy Yiuf/+3 quarterstaff of chaos (11)]
  1656 | D:2      | Succumbed to Crazy Yiuf's poison

Illustrated notes

Levels and vault maps discovered:
D:1:      roderic_lyre, layout_basic
D:2:      layout_basic, basic_altar,
          hellmonk_ecumenical_altar_pennies_from_heaven, uniq_crazy_yiuf_cottage

Skill      XL: |  1  2 |
---------------+-------+-----
Dodging        | 2 |  2.7
Fire Magic     | 3 |  3.4
Stealth        | |  1.7
Spellcasting   | |  2.8
Conjurations   | |  1.0

Action                     |  1- 3 |  4- 6 || total
---------------------------+-------+-------++-------
  Melee: Dagger            |    13 |       ||    13
         Hand axe          |    34 |     8 ||    42
         Touch             |     6 |     2 ||     8
         Punch             |     1 |       ||     1
   Cast: Foxfire           |    38 |     3 ||    41
         Scorch            |     1 |     1 ||     2
    Use: Potion            |       |     1 ||     1
   Stab: Sleeping          |     1 |       ||     1
 Armour: Robe              |    28 |     3 ||    31
  Dodge: Dodged            |    30 |     5 ||    35
  Block: Other             |     7 |     2 ||     9
